 Dungeon Crawl Stone Soup version 0.22-a0-38-gc6ec8ce517 (webtiles) character file.

1639 Manul the Covert (level 8, -19/39 HPs)
             Began as a Spriggan Abyssal Knight on Jan 4, 2018.
             Was a Priest of Lugonu.
             Demolished by SnubMonkey's ghost (28 damage)
             ... on level 6 of the Dungeon.
             The game lasted 00:09:53 (8298 turns).

Manul the Covert (Spriggan Abyssal Knight)          Turns: 8298, Time: 00:09:54

Health: -19/39     AC:  2    Str:  8    XL:     8   Next: 66%
Magic:  11/11      EV: 25    Int: 14    God:    Lugonu [***...]
Gold:   511        SH:  0    Dex: 17    Spells: 7/7 levels left

rFire    . . .     SeeInvis +   A - +2 dagger (speed)
rCold    . . .     Gourm    .   (shield restricted)
rNeg     . . .     Faith    .   b - +0 robe
rPois    +         Spirit   .   (helmet restricted)
rElec    .         Reflect  .   (no cloak)
rCorr    +         Harm     .   (gloves unavailable)
MR       +....                  (boots unavailable)
Stlth    +++++.....             (no amulet)
HPRegen  0.13/turn              t - ring of resist corrosion
MPRegen  0.12/turn              m - ring of poison resistance

@: very quick
A: very small, unfitting armour, see invisible, herbivore, speed 3, slow
metabolism 2
a: Depart the Abyss, Bend Space, Banish, Renounce Religion


You were on level 6 of the Dungeon.
You worshipped Lugonu.
Lugonu was most pleased with you.
You were not hungry.

You visited 1 branch of the dungeon, and saw 6 of its levels.
You visited the Abyss 1 time.

You collected 511 gold pieces.

Inventory:

Hand Weapons
 z - a +2 trident of holy wrath
 A - a +2 dagger of speed (weapon)
 E - a +0 lajatang
Missiles
 r - 6 needles of sleeping
 D - 4 silver tomahawks (quivered)
Armour
 b - a +0 robe (worn)
 i - a +0 buckler
Jewellery
 g - an uncursed ring of ice
 m - a ring of poison resistance (right hand)
 o - an uncursed ring of flight
 t - a ring of resist corrosion (left hand)
Wands
 f - a wand of iceblast (4)
 v - a wand of paralysis (10)
Scrolls
 j - a scroll of enchant armour {unknown}
 k - 2 scrolls of teleportation {unknown}
 l - a scroll of fog
 n - a scroll of random uselessness {unknown}
 p - 2 scrolls of amnesia {unknown}
 s - 4 scrolls of remove curse {unknown}
 x - a scroll of blinking {unknown}
 B - 2 scrolls of magic mapping
Potions
 e - 2 potions of agility
 h - 3 potions of heal wounds {unknown}
 q - 3 potions of curing
 u - a potion of haste {unknown}
 w - 2 potions of brilliance
 C - 3 potions of might
Books
 a - a book of Necromancy

   Spells                             Type                      Level
   a - Pain                           Necromancy                   1
   b - Animate Skeleton               Necromancy                   1
   c - Vampiric Draining              Necromancy                   3
   d - Regeneration                   Charms/Necromancy            3
   e - Animate Dead                   Necromancy                   4
   f - Borgnjor's Vile Clutch         Necromancy/Earth             5
 d - a book of the Earth

   Spells                             Type                      Level
   a - Leda's Liquefaction            Hexes/Earth                  4
   b - Bolt of Magma                  Conjuration/Fire/Earth       5
   c - Statue Form                    Transmutation/Earth          6
   d - Iron Shot                      Conjuration/Earth            6
   e - Shatter                        Earth                        9
Comestibles
 c - 8 rations


   Skills:
 + Level 2.8 Fighting
 - Level 2.1 Short Blades
 - Level 9.7 Dodging
 - Level 12.3 Stealth
 * Level 3.1 Invocations
 - Level 1.8 Evocations


You had 7 spell levels left.
You didn't know any spells.

Dungeon Overview and Level Annotations

Branches:
Dungeon (6/15)             Temple (0/1) D:6

Altars:
Ashenzari
Elyvilon
Hepliaklqana
Ru
Sif Muna
Trog
Vehumet

Annotations:
D:6 Eustachio; SnubMonkey's ghost, novice TrMo


Innate Abilities, Weirdness & Mutations

You are very small and have problems with some larger weapons.
You are too small for most types of armour.
You have supernaturally acute eyesight. (SInv)
You are a herbivore.
You cover ground extremely quickly.
You need consume almost no food.


Message History

* * * LOW HITPOINT WARNING * * *
The sky beast shocks you.
* * * LOW HITPOINT WARNING * * *
You closely miss the sky beast.
The sky beast is lightly wounded.
You closely miss the sky beast.
The sky beast is lightly wounded.
The sky beast closely misses you.
Eustachio the Magnificent comes into view.
He is wielding an enchanted rapier.
Eustachio shouts!
Eustachio mumbles some strange words.
The crimson imp shouts!
The sky beast flickers out of sight for a moment.
Eustachio casts a spell.
Eustachio blinks!
You see here 2 scrolls labeled IVOEFA TAE.
You closely miss SnubMonkey's ghost. You completely miss SnubMonkey's ghost.
SnubMonkey's ghost hits you!!
Ouch! That really hurt!
You die...

........#####......##............
.....[..'.. .......###...........
........# #.....# #...........
........# #.....# #...........
........# #.....# #...........
#...#.########.....###...........
#.#.#............................
#.#.#########.###################
#.#.### #.#.@.....Y.# ......#
#.#W#######5# ......##### #.#.#
#####.########
......'W..###.#.###............#
......##.........##.........:..#
...§≈§...........##.......Y....#
..≈§§≈≈..........##....55......#
.≈≈≈≈≈≈≈.........##............#
.§§§>§§≈.........##....$.......#


You could see a sky beast, SnubMonkey's ghost and an ufetubus.

Vanquished Creatures
  A thrashing horror (Abyss:3)
  3 ogres
  A scorpion (D:4)
  2 crimson imps
  A hound (D:4)
  An orc priest (D:3)
  A jelly (D:5)
  8 orc wizards
  Jessica (D:3)
  An iguana (D:4)
  3 worker ants
  10 adders
  3 gnolls (D:3)
  3 oozes
  A worm (D:2)
  3 leopard geckos
  25 orcs
  4 giant cockroaches
  9 goblins
  6 hobgoblins
  2 quokkas
  5 ball pythons
  7 bats
  5 frilled lizards
  4 kobolds
  5 rats
115 creatures vanquished.

Notes
Turn   | Place    | Note
-------+----------+-------------------------------------------
     0 | Abyss:1  | Manul the Spriggan Abyssal Knight began the quest for the Orb.
     0 | Abyss:1  | Reached XP level 1. HP: 11/11 MP: 3/3
    43 | Abyss:1  | Noticed a fire bat
    43 | Abyss:1  | Noticed a fire dragon simulacrum
   110 | Abyss:2  | Noticed an unseen horror
   147 | Abyss:3  | Found a stormy altar of Qazlal.
   159 | Abyss:3  | Noticed a thrashing horror
   162 | Abyss:3  | Killed a thrashing horror
   162 | Abyss:3  | Reached skill level 8 in Stealth
   162 | Abyss:3  | Reached skill level 1 in Evocations
   162 | Abyss:3  | Reached XP level 2. HP: 16/16 MP: 4/4
   162 | Abyss:3  | Reached XP level 3. HP: 19/19 MP: 5/5
   162 | Abyss:3  | Reached XP level 4. HP: 23/23 MP: 6/6
   162 | Abyss:3  | Reached XP level 5. HP: 27/27 MP: 7/7
   162 | Abyss:3  | Reached XP level 6. HP: 32/32 MP: 8/8
   162 | Abyss:3  | Reached XP level 7. HP: 35/35 MP: 9/9
   180 | Abyss:3  | Noticed a raiju
   180 | Abyss:3  | Noticed a raiju
   180 | Abyss:3  | Noticed a raiju
   180 | Abyss:3  | Noticed a raiju
   248 | Abyss:3  | Noticed a komodo dragon
   251 | Abyss:3  | Noticed a worldbinder
   255 | Abyss:3  | Noticed a raiju
   255 | Abyss:3  | Noticed a raiju
   274 | Abyss:3  | Noticed a large abomination
   284 | Abyss:3  | Noticed a wretched star
   285 | Abyss:3  | Noticed a raiju
   286 | Abyss:3  | Noticed an ancient zyme
   288 | Abyss:3  | Noticed a thrashing horror
   293 | Abyss:3  | Noticed a large abomination
   294 | D:1      | Escaped the Abyss
   777 | D:1      | Reached * piety under Lugonu
   870 | D:1      | Found a shattered altar of Ashenzari.
  1541 | D:2      | Found a deep blue altar of Sif Muna.
  1713 | D:2      | Found a hazy altar of Hepliaklqana.
  2409 | D:3      | Reached ** piety under Lugonu
  2737 | D:3      | Reached skill level 9 in Stealth
  3166 | D:3      | Found a radiant altar of Vehumet.
  3534 | D:3      | Reached skill level 10 in Stealth
  4093 | D:3      | Noticed Jessica
  4103 | D:3      | Killed Jessica
  4269 | D:4      | Reached *** piety under Lugonu
  4556 | D:4      | Reached XP level 8. HP: 29/39 MP: 10/10
  4711 | D:4      | Reached skill level 11 in Stealth
  5443 | D:5      | Entered Level 5 of the Dungeon
  5551 | D:5      | Found a white marble altar of Elyvilon.
  5860 | D:5      | Reached skill level 12 in Stealth
  5932 | D:5      | Found a bloodstained altar of Trog.
  6947 | D:6      | Noticed SnubMonkey's ghost (novice TrMo)
  6949 | D:6      | Found a staircase to the Ecumenical Temple.
  7978 | D:6      | Found a sacrificial altar of Ru.
  8276 | D:6      | Noticed Eustachio
  8298 | D:6      | Demolished by SnubMonkey's ghost

Vault maps used:
D:1:      lightli_arrival_boilingwater, ashenzari_altar_1
D:2:      old_standard_altar, lemuel_doored_altar, first_ration
D:3:      old_standard_altar, uniq_jessica
D:5:      lightli_temple_of_fire, basic_altar
D:6:      minmay_temple_entry_mist, nicolae_ru_great_annihilating_truth,
          uniq_eustachio
Abyss:3:  due_evilmike_abyss_rune_seething_liches

Skill      XL: |  1  2  3  4  5  6  7  8 |
---------------+-------------------------+-----
Dodging        | 8 9 |  9.7
Stealth        | 8 10 12 | 12.3
Evocations     | 1 |  1.8
Invocations    | 3 |  3.1
Fighting       | |  2.8
Short Blades   | |  2.1

Action                   |  1- 3 |  4- 6 |  7- 9 || total
-------------------------+-------+-------+-------++-------
Melee: Short sword       |       |       |   280 ||   280
       Dagger            |       |       |   436 ||   436
Throw: Tomahawk          |       |       |     4 ||     4
Invok: Depart the Abyss  |       |       |     1 ||     1
Evoke: Wand              |     2 |       |     7 ||     9
  Use: Scroll            |     2 |       |     4 ||     6
       Potion            |       |       |     1 ||     1
 Stab: Sleeping          |       |       |    32 ||    32
       Distracted        |       |       |     2 ||     2
       Paralysed         |       |       |     1 ||     1
  Eat: Ration            |       |       |     3 ||     3
Armor: Robe              |       |       |    27 ||    27
Dodge: Dodged            |     2 |       |   484 ||   486

Table legend:
 A = Spawn XP
 B = Non-spawn XP
 C = Spawn XP percentage of total XP
 D = Spawn monster count
 E = Non-spawn monster count
 F = Spawn count percentage of total count
 G = Total turns spent on level
                    A         B        C        D         E        F      G
               +---------+---------+-------+---------+---------+-------+---------
         Total |     842 |    1500 |  36.0 |       1 |     114 |   0.9 |  8298
               +---------+---------+-------+---------+---------+-------+---------
           D:1 |       0 |      38 |   0.0 |       0 |      18 |   0.0 |  1143
           D:2 |       0 |      34 |   0.0 |       0 |      16 |   0.0 |   656
           D:3 |       0 |     402 |   0.0 |       0 |      42 |   0.0 |  2277
           D:4 |       0 |     460 |   0.0 |       0 |      17 |   0.0 |  1073
           D:5 |       0 |     294 |   0.0 |       0 |      12 |   0.0 |  1787
           D:6 |       0 |     272 |   0.0 |       0 |       9 |   0.0 |  1068
       Abyss:3 |     842 |       0 | 100.0 |       1 |       0 | 100.0 |   178
               +---------+---------+-------+---------+---------+-------+---------
